[Event "93rd German Championship 2022"]
[Site "Magdeburg"]
[Date "2022.08.14"]
[Round "1.11"]
[White "Parvanyan, Ashot"]
[Black "Koehler, Christian Friedrich"]
[Result "1-0"]
[ECO "A04"]
[WhiteElo "2428"]
[BlackElo "2285"]
[Annotator "TA"]
[PlyCount "143"]
[EventDate "2022.08.14"]
[EventType "swiss"]
[EventCountry "GER"]
[SourceTitle "playchess.com"]
[Source "ChessBase"]
[SourceQuality "1"]
[TimeControl "40/5400+30:1800+30"]

1. Nf3 f5 2. g3 Nf6 3. Bg2 g6 4. O-O Bg7 5. c4 O-O 6. d4 d6 7. Nc3 Qe8 8. d5 Na6 9. Rb1 c5 10. dxc6 bxc6 11. b4 Bd7 12. Qa4 {[%emt 0:17:53] A87: Dutch Defence: Leningrad System: 5 Nf3.} Nc7 13. Qa5 Ne6 14. Bb2 {[%emt 0:00:25] [#] The position is equal.} Qf7 $146 ({Predecessor:} 14... Qd8 15. Qa3 Rb8 16. Ba1 a5 17. b5 cxb5 18. cxb5 Ne4 19. Nxe4 fxe4 20. Nd2 Bxa1 21. Rxa1 {0-1 (51) Barus,C (2396)-Dao,T (2500) Jakarta 2013}) 15. b5 Rfc8 16. Nd2 Nc5 17. Ba3 Nfe4 (17... Nb7 $11 18. Qa6 Nd8) 18. Ncxe4 $16 Nxe4 19. Rfc1 {[%emt 0:03:04] Against Bc3} (19. Nxe4 $16 fxe4 20. bxc6 Bxc6 21. Bh3) 19... Qe6 $11 20. Nxe4 fxe4 21. bxc6 Bxc6 22. e3 Qd7 23. Bb2 Bf6 (23... Qf5 $11 24. c5 d5) 24. Bxf6 $14 exf6 25. Rb2 Rab8 26. Rd2 Qe7 27. Rcd1 Be8 28. Qd5+ ({White should play} 28. Rxd6 $16 {Threatens to win with Ra6.} Rxc4 29. Qd5+ Bf7 30. Rd7) 28... Kg7 29. Qxe4 {[%emt 0:01:55] White is more active.} Qxe4 30. Bxe4 Rxc4 31. Bd5 Rcb4 32. Bb3 Ba4 33. Rxd6 Bxb3 34. axb3 Rxb3 $16 {[%emt 0:02:07][%mdl 4096] Endgame KRR-KRR} 35. Rd7+ Kh6 36. Rxa7 Rb1 37. Rxb1 Rxb1+ {[%emt 0:00:06] KR-KR} 38. Kg2 g5 39. g4 Kg6 40. Ra6 $1 Rb7 41. Kg3 Rb2 42. f3 Re2 43. e4 Kg7 44. h4 gxh4+ 45. Kxh4 h6 {[%emt 0:03:17][%mdl 8192] Against g5} (45... Re3 $16) 46. Ra7+ $1 $18 Kf8 47. Kh5 $2 (47. Kg3 $1 $18 Rc2 48. Rh7) 47... Rf2 48. Kg6 ({Reject} 48. Kxh6 $6 Rxf3 49. Kh5 (49. Kg6 Rf4 $11) 49... Rf4 $11) 48... Rxf3 49. Rf7+ ({Don't play} 49. Kxh6 $6 Rf4 $11) 49... Ke8 50. Rxf6 Rh3 51. Ra6 Ke7 (51... Rg3 $16) 52. Kf5 $2 (52. Ra7+ $1 $18 Ke8 53. Rh7) 52... Rf3+ $11 53. Ke5 {[%emt 0:00:04] Hoping for Re6+.} Rg3 {[%emt 0:00:03] [#]} (53... Rh3 $1 $11 {keeps the balance.}) 54. Ra7+ $1 $16 Kf8 55. Kf4 Rg1 56. e5 ({White should try} 56. Rh7 $16) 56... Rf1+ $11 57. Ke4 Re1+ {[%emt 0:00:05] [#]} (57... Rg1 $11) 58. Kf5 $1 $16 Rf1+ 59. Kg6 Rg1 60. Rf7+ ({But not} 60. Kxh6 $6 Rxg4 61. Rc7 Ke8 $11) 60... Ke8 61. Rf4 Ke7 $2 (61... Rh1 $16) 62. Kxh6 {[%emt 0:00:14] White mates.} Ke6 63. g5 Kxe5 64. Rf2 Ke6 65. g6 Rh1+ 66. Kg7 Rg1 67. Re2+ Kd6 68. Kh7 Rg4 69. g7 Rh4+ 70. Kg6 Rg4+ 71. Kf6 Kd7 72. Re5 {[%emt 0:00:18] Weighted Error Value: White=0.40/Black=0.33} 1-0

[Event "93rd German Championship 2022"]
[Site "Magdeburg"]
[Date "2022.08.14"]
[Round "1.12"]
[White "Roseneck, Jonas"]
[Black "Yi, Danny"]
[Result "1-0"]
[ECO "A15"]
[WhiteElo "2384"]
[BlackElo "2273"]
[Annotator "TA"]
[PlyCount "67"]
[EventDate "2022.08.14"]
[EventType "swiss"]
[EventCountry "GER"]
[SourceTitle "playchess.com"]
[Source "ChessBase"]
[SourceQuality "1"]
[TimeControl "40/5400+30:1800+30"]

1. c4 Nf6 2. Nf3 g6 3. Nc3 d5 4. cxd5 Nxd5 5. e4 Nb6 6. d4 Bg7 7. h3 O-O 8. Be2 Nc6 9. Be3 e5 10. d5 Ne7 11. O-O f5 {[%emt 0:04:35] D70: Grünfeld: Unusual White 3rd moves (met by ...d5).} 12. Qb3 {[%emt 0:00:01] [#] Threatens to win with d6+.} Kh8 13. Ng5 h6 {[%emt 0:06:38] White is better.} 14. Ne6 {[%emt 0:00:05] White is much more active. The black rooks are badly placed.} Bxe6 15. dxe6 {[%emt 0:00:01] Hoping for Rfd1.} Nc6 {[%emt 0:05:04] [#]} 16. Bc5 Rg8 {[%emt 0:08:20] [#]} 17. Bb5 $146 (17. e7 $18 Qe8 18. Bb5) ({Predecessor:} 17. Nb5 Nd4 18. Nxd4 exd4 19. exf5 gxf5 20. Bf3 Qh4 21. Rfe1 Qf4 22. Rad1 Bf6 23. Bxb7 {1-0 (29) Tukmakov,V (2585)-Skok,J (2125) Bled 1997}) 17... Rb8 (17... Nd4 $16 {was necessary.} 18. e7 Qb8) 18. Bxc6 $18 bxc6 19. e7 Qc8 20. Qf7 fxe4 21. Qxg6 Nd5 22. Nxe4 $40 {[%emt 0:05:27][%cal Oe4g5][%mdl 128] White wants to mate with Ng5! White is out for blood.} Nf4 23. Qf7 Nxh3+ $2 (23... Qe8 24. Qxe8 Rgxe8) 24. gxh3 Qxh3 25. Ng3 e4 {[%emt 0:00:34] aiming for ...Be5.} 26. Qf4 {[%emt 0:05:21] Against Be5} ({Don't go for} 26. Bxa7 $2 Be5 27. Rfc1 (27. Bxb8 $2 {gets mated.} Rxg3+ 28. fxg3 Qxg3+ 29. Kh1 Qh2#) 27... Bxg3 28. Qf6+ Kh7 29. Qf7+ Rg7 30. Qxg7+ Kxg7 $19) 26... Rb5 27. Rac1 Qe6 28. Rfd1 Be5 29. Bd4 {[%emt 0:03:50][%cal Oc1c6] White threatens Rxc6! and mate.} Bxd4 30. Rxd4 e3 31. Re1 Re5 32. Rxe3 {[%emt 0:03:01] White mates.} Rxe3 33. Qxe3 Rxg3+ 34. Qxg3 {[%emt 0:00:08] Black got outplayed after the opening.  Weighted Error Value: White=0.27 (precise) /Black=0.53} 1-0

[Event "93rd German Championship 2022"]
[Site "Magdeburg"]
[Date "2022.08.14"]
[Round "1.13"]
[White "Schulz, Lukas"]
[Black "Keller, Peter"]
[Result "1-0"]
[ECO "C34"]
[WhiteElo "2272"]
[BlackElo "2377"]
[Annotator "TA"]
[PlyCount "61"]
[EventDate "2022.08.14"]
[EventType "swiss"]
[EventCountry "GER"]
[SourceTitle "playchess.com"]
[Source "ChessBase"]
[SourceQuality "1"]
[TimeControl "40/5400+30:1800+30"]

1. e4 e5 2. f4 exf4 3. Nf3 Nf6 4. e5 Nh5 5. Be2 d6 {[%emt 0:00:14] ...dxe5 is the strong threat.} 6. O-O $1 {[%emt 0:02:52] C34: King's Gambit Accepted: 3 Nf3: 3...Nf6 and 3...d6.} g6 7. d4 Nc6 8. Nc3 {[%emt 0:12:24] Black is slightly better.} Bg7 9. exd6 cxd6 10. d5 Ne5 {[%emt 0:00:46] [#]} 11. Ne1 $146 ({Predecessor:} 11. Nxe5 dxe5 12. Bxh5 gxh5 13. Qxh5 Qb6+ 14. Kh1 Qg6 15. Qxg6 hxg6 16. Nb5 O-O 17. Nc7 {0-1 (34) Villwock,M (2162)-Fuellgrabe,T (2232) Nordrheinwestfalen 2019}) 11... Nf6 12. Bxf4 O-O 13. Kh1 Qb6 14. Qd2 Nfg4 {[%emt 0:04:26] Prevents Be3.} ({Black should play} 14... Re8 $17) 15. h3 $1 $11 Nf6 (15... Qxb2 $2 16. Rb1 Qa3 17. hxg4 $18) (15... Nf2+ $2 16. Kh2 $18) 16. Nf3 Nfd7 (16... Bf5 {looks sharper.} 17. Nxe5 dxe5 18. Bxe5 Ne4) 17. Na4 Qc7 18. Nd4 $36 {[%emt 0:00:12][%mdl 2048] Black is under pressure.} a6 {[%emt 0:00:21] Against Nb5} 19. Nc3 Nc4 $2 (19... Re8 $11) 20. Bxc4 $16 Qxc4 21. Rad1 {[%emt 0:00:34] White is more active.} Ne5 22. Bg5 (22. Bh6 $16) 22... Qc7 (22... f5 $1 $14) 23. Bf6 Nc4 (23... Bxf6 $142 24. Rxf6 Nd7) 24. Qc1 (24. Qe1 $142) 24... Re8 {[%emt 0:01:22] [#] Inhibits Ne4. Loses the game.} (24... Bxf6 $16 {was called for.} 25. Rxf6 Qe7) 25. Rde1 $1 $18 Bd7 26. Ne4 {[%emt 0:00:19] Hoping for Bxg7. Pair of Knights!} Ne5 $2 (26... Re5 27. Qf4 Rf8 28. Bxg7 Kxg7) 27. Qf4 {[%emt 0:00:21] White is clearly winning.} Bb5 28. Nxb5 axb5 29. Bxg7 {[%emt 0:00:06] [#] White threatens Qh6 and mate.} Kxg7 30. Qf6+ Kg8 31. Nxd6 {[%emt 0:00:13] Weighted Error Value: White=0.11 (very precise) /Black=0.39} 1-0

[Event "93rd German Championship 2022"]
[Site "Magdeburg"]
[Date "2022.08.14"]
[Round "1.14"]
[White "Gungl, Theo"]
[Black "Dobrikov, Marco"]
[Result "1/2-1/2"]
[ECO "A50"]
[WhiteElo "2359"]
[BlackElo "2223"]
[Annotator "TA"]
[PlyCount "86"]
[EventDate "2022.08.14"]
[EventType "swiss"]
[EventCountry "GER"]
[SourceTitle "playchess.com"]
[Source "ChessBase"]
[SourceQuality "1"]
[TimeControl "40/5400+30:1800+30"]

1. d4 {[%emt 0:00:02] Glatman,V} Nf6 2. c4 g6 3. h4 Bg7 4. Nc3 O-O 5. e4 d6 6. Be2 e5 7. d5 {[%emt 0:02:59] E73: King's Indian: Averbakh Variation without 6...c5.} Na6 8. h5 Nc5 9. h6 {[%emt 0:01:59] White is slightly better.} Bh8 10. Bg5 a5 11. Qc2 c6 12. Nf3 {[%emt 0:06:57] [#]} Qe8 $146 (12... Bg4 $11) ({Predecessor:} 12... Bd7 13. Nd2 Qc7 14. Nb3 Na6 15. a4 Nb4 16. Qd1 Rae8 17. Rc1 b6 18. Nd2 Bc8 19. dxc6 Qxc6 {1-0 (41) Bareev,E (2660)-Damljanovic,B (2570) Belgrade 1993 CBM 039 [Glatman,V]}) 13. Nd2 Bd7 14. Nb3 Nxb3 15. Qxb3 Qb8 16. Rd1 (16. dxc6 $16 Bxc6 17. Qc2) 16... a4 (16... cxd5 $14 17. exd5 (17. Nxd5 Nxd5 18. Rxd5 Bc6 $14) (17. cxd5 b5 $14) 17... Rc8) 17. Qc2 $16 Rc8 18. Qd3 (18. O-O $16) 18... cxd5 $1 $14 19. Bxf6 ({Of course not} 19. cxd5 b5 $11) ({White should try} 19. Nxd5 $14 Nxd5 20. Qxd5) 19... Bxf6 $11 20. Nxd5 Bd8 21. f4 Be6 22. f5 $36 {[%emt 0:07:54][%mdl 2048] White is pushing.} Bxd5 23. Qxd5 Rc5 24. Qxd6 Qxd6 25. Rxd6 Rc6 26. Rd7 Rc7 27. Rd5 {[%emt 0:01:11] White is more active.} Bf6 28. Kf2 Rd8 29. Rhd1 Rxd5 30. Rxd5 $16 {[%emt 0:00:07][%mdl 4096] Endgame KRB-KRB} b6 31. Kf3 Bg5 32. Rxe5 {[%emt 0:00:24][%cal Re5e8] [#]} Bxh6 33. f6 {[%emt 0:01:20] aiming for Re8+.} Rc6 34. Re8+ Bf8 35. e5 Re6 {[%emt 0:00:04] [#]} 36. Rxe6 (36. Rb8 $1 $16 {And now Ke4 would win.} Rxe5 37. Rxb6) 36... fxe6 {[%emt 0:00:01] KB-KB} 37. Ke4 a3 38. b3 Bb4 {[%emt 0:00:29] The position is equal.} 39. Kd4 Be1 40. Bf3 Bf2+ 41. Ke4 Be1 42. Kd4 Bf2+ 43. Ke4 Be1 {Weighted Error Value: White=0.12 (very precise) /Black=0.09 (flawless)} 1/2-1/2

[Event "93rd German Championship 2022"]
[Site "Magdeburg"]
[Date "2022.08.14"]
[Round "1.15"]
[White "Colpe, Malte"]
[Black "Burian, Simon"]
[Result "1-0"]
[ECO "D31"]
[WhiteElo "2369"]
[BlackElo "2189"]
[Annotator "TA"]
[PlyCount "77"]
[EventDate "2022.08.14"]
[EventType "swiss"]
[EventCountry "GER"]
[SourceTitle "playchess.com"]
[Source "ChessBase"]
[SourceQuality "1"]
[TimeControl "40/5400+30:1800+30"]

1. d4 d5 2. c4 e6 3. Nc3 Be7 4. Nf3 Nf6 5. g3 c5 6. cxd5 {[%emt 0:04:27] E01: Catalan: Early deviations.} Nxd5 7. Bg2 Nxc3 (7... cxd4 {is more complex.} 8. Nxd5 Qxd5 9. Qxd4 O-O) 8. bxc3 {[%emt 0:00:08] White is slightly better.} Qa5 9. Bd2 O-O 10. O-O Rd8 {[%emt 0:01:38] [#]} 11. Qc2 $146 ({Predecessor:} 11. Qb3 Nc6 12. e3 Qa6 13. Rfd1 Bd7 14. Rab1 Na5 15. Qa3 Bc6 16. Bf1 c4 17. Ne5 Bxa3 {0-1 (17) Piorun,K (2640)-Al Hosani,O (2202) Chess.com INT 2021}) 11... h6 {[%emt 0:04:53] Inhibits Ng5.} 12. e4 Qc7 {[%emt 0:05:40] [#]} ({Black should try} 12... Qa3 $14) 13. Bf4 (13. d5 $1 $16) 13... Bd6 $1 $14 14. Bxd6 Rxd6 15. Qa4 {[%emt 0:10:00] Hoping for Qe8+.} Bd7 {[%emt 0:07:42] Inhibits Qe8+.} 16. Qa3 Na6 17. Rac1 Be8 18. Ne5 b5 {[%emt 0:05:26] Against Nc4} 19. d5 (19. Ng4 $14) 19... exd5 (19... Rb6 $11 {remains equal.} 20. Ng4 Rab8) 20. exd5 $16 f6 21. Nc6 Bxc6 $2 (21... Nb8 $16) 22. dxc6 $18 Qb6 23. c4 b4 24. Qe3 Rad8 25. a3 $2 (25. Bd5+ $18 Kh8 26. Qe7) 25... Kh8 (25... bxa3 $16 26. Qxa3 Nb4) 26. Rb1 Qc7 27. axb4 (27. Rfe1 $18) 27... Rd3 $2 (27... Nxb4 $16 {was worth a try.} 28. Qxc5 Nxc6) 28. Qe6 Nxb4 29. Be4 R3d6 30. Qf5 {[%emt 0:00:16][%csl Ge4][%cal Rf5h7] [#]} g5 31. Qxc5 Nxc6 32. Ra1 {[%emt 0:00:58] And now Ra6 would win.} a5 33. Rfe1 R8d7 34. Bxc6 {[%emt 0:04:32] White is more active.} (34. Qa3 $16) 34... Qxc6 35. Rxa5 Qf3 $2 ({Black should play} 35... Kg7 $14) 36. Qc8+ $40 {[%emt 0:00:47][%mdl 128] White has strong attack.} Kg7 $2 (36... Kh7 {might work better.} 37. Ra8 Rd8 38. Qxd8 Rxd8 39. Rxd8 Qc6 40. Re7+ Kg6) 37. Ra8 {[%emt 0:00:34][%csl Ga8][%cal Rc8g8] The board is on fire.} Kg6 (37... Rd8 $18) 38. Qe8+ Kf5 39. h3 {[%emt 0:00:58] Weighted Error Value: White=0.32/Black=0.69} 1-0

[Event "93rd German Championship 2022"]
[Site "Magdeburg"]
[Date "2022.08.14"]
[Round "1.16"]
[White "Pahl, Erik"]
[Black "Florstedt, Johannes"]
[Result "1-0"]
[ECO "B54"]
[WhiteElo "2203"]
[BlackElo "2368"]
[Annotator "TA"]
[PlyCount "133"]
[EventDate "2022.08.14"]
[EventType "swiss"]
[EventCountry "GER"]
[SourceTitle "playchess.com"]
[Source "ChessBase"]
[SourceQuality "1"]
[TimeControl "40/5400+30:1800+30"]

1. e4 c5 2. Nf3 d6 3. d4 cxd4 4. Nxd4 Nf6 5. f3 e5 6. Nb3 d5 7. Bg5 {[%emt 0:00:15] B55: Sicilian: 2...d6 3 d4 cxd4 4 Nxd4 Nf6 5 f3.} d4 8. c3 Nc6 9. cxd4 $1 {[%emt 0:01:35][%mdl 4] White is slightly better. outshines the older 9.Bb5.} Bb4+ 10. Bd2 {[%emt 0:00:47] [#]} Bxd2+ $146 (10... Nxe4 $1 $11 {remains equal.} 11. Bxb4 Qh4+ 12. g3 Nxg3 13. hxg3 Qxh1) ({Predecessor:} 10... Nxe4 11. Bxb4 Qh4+ 12. g3 Nxg3 13. hxg3 Qxg3+ 14. Kd2 Nxb4 15. Bb5+ Ke7 16. Qc1 Qg2+ {½-½ (37) Mastrovasilis,D (2580)-Navara,D (2739) Poland 2017}) 11. Qxd2 $16 exd4 12. Bb5 Qb6 13. Bxc6+ bxc6 14. Qxd4 ({Resist} 14. Nxd4 c5 15. Nb3 Be6) 14... O-O 15. Qxb6 axb6 16. Nc3 Nd7 17. O-O-O Ne5 18. Rd6 Ba6 19. Rhd1 Rfc8 (19... Rac8 $16 20. Nd4 Rfd8) 20. Nd4 $1 $18 Kf8 21. Kb1 (21. b3 $18) 21... Bd3+ $16 22. Ka1 {[%emt 0:09:53] Black must now prevent f4.} c5 (22... Rd8 $16 {might work better.} 23. Rxd8+ (23. Nxc6 Rxd6 24. Nxe5 Rad8 $15) 23... Rxd8) 23. Nf5 $1 $18 c4 24. Rxb6 Nd7 25. Rb5 Nc5 26. Nd6 Rc6 27. Nb7 $1 Ne6 28. Na5 Rc5 {[%emt 0:00:04] [#] Threatens to win with ...Rxb5.} 29. b4 $1 Rxb5 30. Nxb5 {[%emt 0:00:40] Pair of Knights!} Rb8 31. a4 Bc2 32. Rc1 Bxa4 33. Nd6 {[%emt 0:00:17] White is more active.} Rxb4 34. Rxc4 Rxc4 35. Naxc4 $16 {[%emt 0:00:12][%mdl 4096] Endgame KBN-KNN} f6 36. Kb2 Nf4 37. Ne3 g6 38. Kc3 Ke7 39. Ndc4 Ke6 {[%emt 0:00:58] Against Nd5} 40. g3 Ne2+ 41. Kb4 Bc6 42. Nc2 Ke7 43. Kc5 Ba4 44. Nd4 Ng1 (44... Nxd4 $16 45. Kxd4 Bd1) 45. Nb6 $2 (45. f4 $18) 45... Bd1 46. Nd5+ Kf7 47. f4 {[%emt 0:00:00][%cal Bf3f4,Bf4e5][%mdl 32] Strongly threatening e5.} Bg4 $2 (47... Nf3 $16 48. h3 Nxd4 49. Kxd4 Bf3) 48. Kd6 {[%emt 0:00:00] e5 is the strong threat.} Nh3 49. e5 fxe5 50. fxe5 ({Not} 50. Kxe5 Nf2 51. Ne3 h5 $16) 50... Ng5 {[%emt 0:00:00] Prevents e6+.} 51. Nc7 Ne4+ 52. Kd5 (52. Kc6 $18) 52... Nc3+ $2 {[%emt 0:00:00][%mdl 8192] [#]} (52... Nd2 $16 53. e6+ Kf6) 53. Kc6 $1 $18 h5 (53... Ne4 $142 54. e6+ Ke7 55. Nd5+ Ke8) 54. e6+ Bxe6 55. Ncxe6 Kf6 56. Kd6 {[%emt 0:00:00] Hoping for Nc5.} Ne4+ 57. Kd5 Nd2 (57... Nc3+ 58. Kc4 Nd1) 58. Nc5 {[%emt 0:00:00] Ne4+ would kill now.} Nf1 59. Ne4+ Kg7 60. Nf3 h4 61. gxh4 {[%emt 0:00:00] And now Ke5 would win.} Kh6 62. Kd4 {[%emt 0:01:29] White mates.} Kh5 63. Ng3+ Nxg3 64. hxg3 Kg4 65. Ne5+ Kxg3 66. Nxg6 Kg4 67. Ke5 {[%emt 0:00:09] Weighted Error Value: White=0.14 (very precise) /Black=0.32} 1-0

[Event "93rd German Championship 2022"]
[Site "Magdeburg"]
[Date "2022.08.14"]
[Round "1.17"]
[White "Langheinrich, Ferenc"]
[Black "Stricker, Florian"]
[Result "1-0"]
[ECO "B07"]
[WhiteElo "2357"]
[BlackElo "2182"]
[Annotator "TA"]
[PlyCount "55"]
[EventDate "2022.08.14"]
[EventType "swiss"]
[EventCountry "GER"]
[SourceTitle "playchess.com"]
[Source "ChessBase"]
[SourceQuality "1"]
[TimeControl "40/5400+30:1800+30"]

1. e4 d6 2. d4 Nf6 3. Nc3 g6 4. h3 Nbd7 5. Nf3 c5 {[%emt 0:14:19] [#]} (5... e5 $14) 6. dxc5 $146 {[%emt 0:04:34] B07: Pirc Defence: Miscellaneous Systems.} ({Predecessor:} 6. Be3 cxd4 7. Bxd4 Bg7 8. Bc4 O-O 9. O-O Nb6 10. Bb3 a5 11. a4 Bd7 12. e5 {1-0 (42) Peltola,L (2016)-Valo,V (1917) Finland 2015}) 6... Nxc5 7. e5 Nfd7 {[%emt 0:18:20] [#]} 8. exd6 {[%emt 0:03:01] White is better.} (8. Bb5 dxe5 9. Qd5 Qc7 $14) 8... Bg7 9. Nd5 exd6 10. Bg5 f6 11. Be3 (11. Qe2+ $6 Kf7 12. Be3 Nb6 13. Nxb6 axb6 $14) 11... O-O 12. Bc4 {[%emt 0:06:21] aiming for Nb6+.} Kh8 13. h4 {[%emt 0:08:30][%cal Bh3h4,Bh4h5,Bh5h6][%mdl 32] h5 is the strong threat.} Re8 (13... Nb6 $16 {might work better.} 14. Nxb6 Qxb6) 14. h5 $36 {[%emt 0:10:03][%mdl 2048] Black must now prevent Nf4. White is on the roll.} g5 {[%emt 0:01:06] Against Nf4} 15. h6 Bf8 16. b4 Ne6 17. O-O {[%emt 0:03:36] White is much more active.} ({White should play} 17. c3 $16) 17... Ne5 $2 {[%emt 0:10:20] This move loses the game for Black.} (17... Bxh6 $14 18. Bd3 Rg8) 18. Nxe5 dxe5 {[%emt 0:00:33] [#]} (18... fxe5 {was worth a try.} 19. Qh5 Nf4 20. Bxf4 gxf4) 19. Qh5 $1 b5 20. Bb3 {[%emt 0:02:16] White is clearly winning.} ({Not} 20. Qf7 Bxh6 21. Bd3 (21. Nxf6 Re7 $16) (21. Bxb5 Rf8 $11) (21. Qxf6+ Bg7 $16) 21... Bg7 $16) 20... Bb7 21. Rad1 Nd4 22. Qf7 Bxd5 23. Bxd5 Bxh6 24. Bxa8 Qxa8 25. Bxd4 exd4 26. Rxd4 Rf8 27. Qh5 Bg7 28. Re1 {[%emt 0:01:25] Weighted Error Value: White=0.08 (flawless) /Black=0.36} ({Much less strong is} 28. Rd7 Qe4 29. Rxa7 Qxc2 $18) 1-0

[Event "93rd German Championship 2022"]
[Site "Magdeburg"]
[Date "2022.08.14"]
[Round "1.18"]
[White "Westphal, Wolfgang"]
[Black "Bethke, Richard"]
[Result "0-1"]
[ECO "B52"]
[WhiteElo "2175"]
[BlackElo "2381"]
[Annotator "TA"]
[PlyCount "88"]
[EventDate "2022.08.14"]
[EventType "swiss"]
[EventCountry "GER"]
[SourceTitle "playchess.com"]
[Source "ChessBase"]
[SourceQuality "1"]
[TimeControl "40/5400+30:1800+30"]

1. e4 c5 2. Nf3 d6 3. Bb5+ Bd7 4. Bxd7+ Qxd7 5. O-O Nf6 6. e5 dxe5 7. Nxe5 Qc7 8. d4 e6 9. Bf4 {[%emt 0:00:16][%cal Oe5g6] B52: Sicilian: Moscow Variation with 3...Bd7.} Bd6 (9... Qc8 $11 {remains equal.}) 10. Na3 $1 $16 {[%emt 0:02:50][%cal Bb1a3,Ba3b5,Bb5c7][%mdl 32] [#] Hoping for Nb5.} Qc8 $146 ({Predecessor:} 10... Bxe5 11. Bxe5 Qc6 12. c4 Nbd7 13. d5 Qb6 14. Bg3 O-O 15. dxe6 Qxe6 16. Re1 Qc6 {1-0 (112) Bologan,V (2663)-Naiditsch,A (2574) Mainz 2004}) 11. Nb5 {[%emt 0:01:49] White is better.} Be7 12. Nc4 ({Better is} 12. Nd3 $16 {And now Nc7+ would win.} Nd5 13. Nd6+ (13. dxc5 Nxf4 14. Nxf4 O-O $11) 13... Bxd6 14. Bxd6) 12... O-O $11 13. Nc7 cxd4 14. Qf3 (14. Nd2 $11) 14... Na6 15. Nxa8 {[%emt 0:11:13][%cal Oa8b6] aiming for Nab6!} Qxc4 16. Qxb7 Nd5 17. Bg3 {[%emt 0:08:41] [#]} ({White should play} 17. Be5 $15) 17... Qc8 $1 $17 (17... Qxc2 $2 18. Qxa6 Qc8 {[#]} 19. Nc7 $1 Nxc7 20. Qxc8 Rxc8 21. Rac1 $18) 18. Qb5 Nc5 (18... Qxc2 $2 19. Qxa6 Qxb2 20. Nc7 $18) 19. Rad1 ({But not} 19. b4 $2 Ne4 20. Nc7 Nxc7 $19) 19... a6 20. Qc4 Qxa8 21. Qxd4 Rd8 22. Qg4 Rc8 23. Qe2 Qc6 $40 {[%emt 0:03:16][%mdl 128] White is in trouble.} 24. c4 Nf6 {[%emt 0:00:50] Black is more active.} 25. b3 a5 26. Rd4 (26. Be5 $17) 26... Nfe4 $19 27. Re1 f5 28. Be5 Nd7 {[%emt 0:00:49] Pair of Knights!} 29. Bg3 Bf6 30. Rd3 (30. Rxe4 {was worth a try.} fxe4 31. Qxe4) 30... Ndc5 31. Rf3 g5 {[%emt 0:01:08][%cal Bg7g5,Bg5g4][%mdl 32] Against Bf4} 32. h4 (32. Rd1 {keeps fighting.}) 32... g4 33. Rf4 Bg7 34. Bh2 h5 35. f3 Bd4+ 36. Kh1 $2 (36. Kf1 g3 37. Bg1 Bxg1 38. fxe4) 36... Nf2+ 37. Kg1 Nh3+ 38. Kh1 Nxf4 39. Bxf4 e5 40. Bxe5 (40. Be3 $142 Qf6 41. Bg5) 40... Re8 41. f4 {[%emt 0:30:16] [#]} Ne4 $1 42. Qc2 (42. Qxe4 fxe4) 42... Bxe5 {[%emt 0:02:41] Black mates.} 43. fxe5 Rxe5 44. Rd1 Ng3+ {[%emt 0:00:16] Weighted Error Value: White=0.70/Black=0.13 (very precise)} 0-1